 Dungeon Crawl Stone Soup version 0.30-a0-377-g5cb311bc9f (webtiles) character file.

Game seed: 10164242917573376014

147 Groverdextrious the Cudgeller (level 5, 0/30 (36) HPs)
             Began as an Octopode Reaver on Nov 28, 2022.
             Slain by a water moccasin (8 damage)
             ... on level 3 of the Dungeon.
             The game lasted 00:11:25 (2115 turns).

Groverdextrious the Cudgeller (Octopode Reaver)     Turns: 2115, Time: 00:11:26

HP:   0/30 (36)     AC:  1    Str: 13    XL:     5   Next: 29%
MP:   6/8           EV: 12    Int: 15    God:
Gold: 121           SH:  3    Dex: 11    Spells: 0/8 levels left

rFire   . . .      SeeInvis .    j - +4 mace
rCold   . . .      Faith    .    i - +0 buckler of Zamyemu {Fly Stlth+}
rNeg    . . .      Spirit   .    (helmet restricted)
rPois   .          Reflect  .    (no amulet)
rElec   .          Harm     .    (no ring)
rCorr   .          Rampage  .    (no ring)
Will    .....                    (no ring)
Stlth   +++.......               (no ring)
HPRegen 0.25/turn                (no ring)
MPRegen 0.11/turn                (no ring)
                                 (no ring)
                                 (no ring)

@: lethally poisoned (0 -> -7), flying, very slightly contaminated, heavily
drained
A: almost no armour, amphibious, 8 rings, camouflage 1, gelatinous body 1,
(nimble swimmer 1), tentacles
a: no special abilities


You were on level 3 of the Dungeon.
You visited 1 branch of the dungeon, and saw 3 of its levels.

You collected 121 gold pieces.

Inventory:

Hand Weapons
 a - a +0 mace
 j - a +4 mace (weapon)
Missiles
 e - 8 poisoned darts
Armour
 i - the +0 buckler of Zamyemu (worn) {Fly Stlth+}
   (You found it on level 2 of the Dungeon)

   Fly:       It grants you flight.
   Stlth:     It makes you more stealthy.
Scrolls
 c - 3 scrolls of identify {unknown}
 d - a scroll of teleportation {unknown}
 f - a scroll of enchant weapon {unknown}
 g - a scroll of amnesia {unknown}
 l - a scroll of fog {unknown}
 m - a scroll of torment {unknown}
Potions
 b - a potion of curing {unknown}
 h - 2 potions of berserk rage {unknown}
 k - 2 potions of attraction {unknown}


   Skills:
 * Level 2.8 Fighting
 * Level 4.2 Maces & Flails
 + Level 2.4 Dodging
 * Level 0.8 Shields
 + Level 2.4 Spellcasting
 + Level 3.3 Conjurations
 + Level 0.8 Summonings


You couldn't memorise any spells.
You knew the following spells:

 Your Spells              Type           Power      Damage    Failure   Level
a - Kiss of Death         Conj/Necr      24%        2d7       14%         1
b - Summon Small Mammal   Summ           16%        N/A       21%         1
c - Call Canine Familiar  Summ           4%         N/A       52%         3
d - Summon Guardian Gole  Hex/Summ       3%         N/A       58%         3

Your spell library contained the following spells:

 Spells                   Type           Power      Damage    Failure   Level
 Momentum Strike          Conj/Tloc      12%        3d8       22%         2
 Necrotise                Necr           4%         1d4       28%         1
 Hailstorm                Conj/Ice       6%         3d4       41%         3
 Vampiric Draining        Necr           1%         2d6       65%         3
 Agony                    Necr           1%         N/A       100%        5


Dungeon Overview and Level Annotations

Branches:
Dungeon (3/15)

Altars:

Shops:
D:2 (


Innate Abilities, Weirdness & Mutations

You cannot wear most types of armour.
You are amphibious.
You can wear up to eight rings at the same time.
Your skin changes colour to match your surroundings (Stealth+).
Your rubbery body absorbs attacks. (AC +1, EV +1)
((You are camouflaged when in or above water. (Stealth+)))
You have tentacles for arms and can constrict up to eight enemies at once.


Message History

Confirm with . or Enter, or press ? or * to list all spells.
Casting: Summon Small Mammal (safe; 21% risk of failure)
Confirm with . or Enter, or press ? or * to list all spells.
You miscast Summon Small Mammal.
You are very lightly contaminated with residual magic.
Nothing appears to happen.
You hit the giant cockroach. You grab the giant cockroach.
The giant cockroach is moderately wounded.
You constrict the giant cockroach.
The giant cockroach barely misses you. x2
Your rat bites the giant cockroach.
You sock the giant cockroach!
You kill the giant cockroach!
Your magical contamination has completely faded away.
Magic restored.
You swap places.
Your rat disappears in a puff of smoke!
A water moccasin comes into view.
Casting: Summon Small Mammal (safe; 21% risk of failure)
Confirm with . or Enter, or press ? or * to list all spells.
Casting: Summon Small Mammal (safe; 21% risk of failure)
Confirm with . or Enter, or press ? or * to list all spells.
You miscast Summon Small Mammal.
You are very lightly contaminated with residual magic.
Nothing appears to happen.
You closely miss the water moccasin. Your grab misses the water moccasin.
The water moccasin bites you.
You are poisoned.
The water moccasin poisons you!
You hit the water moccasin. Your grab misses the water moccasin.
Your squeeze misses the water moccasin.
The water moccasin is lightly wounded.
You feel very sick. The water moccasin bites you. The water moccasin bites you!
Your rat bites the endoplasm.
You closely miss the water moccasin. Your grab misses the water moccasin.
The water moccasin is lightly wounded.
* * * LOW HITPOINT WARNING * * *
You feel very sick. The water moccasin bites you!
You die...

#..#########..#
#.............#####. #
#.............?..... #
#.#.# #........
######...## #...?....
.>.(......##.####.....J..
#########.##.........r...
####.#######S.....>r
#..........@........
#.##.#######........
#.##.# #........ ##.##.#
#.####.##
#####...#.#######.# #
......<...#.......#
.####...#.#.#####.# .#
##....#†## #.#
.#####..##...####.# .#


You could see a water moccasin, an endoplasm (distracted, ally target) and a
friendly rat (summoned).

Vanquished Creatures
  4 gnolls (D:2)
  An adder (D:3)
  A dart slug (D:1)
  5 ball pythons
  8 bats
  8 endoplasms
  4 giant cockroaches
  4 goblins
  6 hobgoblins (D:1)
  2 jackals (D:1)
  3 quokkas
  3 frilled lizards
  5 kobolds
  8 rats
62 creatures vanquished.

Vanquished Creatures (collateral kills)
  An iguana (D:2)
  A dart slug (D:1)
  A frilled lizard (D:1)
3 creatures vanquished.

Grand Total: 65 creatures vanquished

Notes
Turn   | Place    | Note
-------+----------+-------------------------------------------
     0 | D:1      | Groverdextrious the Octopode Reaver began the quest for the
                  | Orb.
     0 | D:1      | Reached XP level 1. HP: 14/14 MP: 3/3
   124 | D:1      | Found a faded altar of an unknown god.
   140 | D:1      | Reached XP level 2. HP: 19/19 MP: 5/5
   347 | D:1      | Reached XP level 3. HP: 20/24 MP: 6/6
   523 | D:1      | Learned a level 1 spell: Summon Small Mammal
   527 | D:1      | Learned a level 3 spell: Call Canine Familiar
   918 | D:2      | Reached skill level 4 in Maces & Flails
   918 | D:2      | Reached XP level 4. HP: 12/30 MP: 4/7
   988 | D:2      | Found Nafis's Weapon Shop.
  1013 | D:2      | Identified the +0 buckler of Zamyemu {Fly Stlth+}
  1208 | D:2      | Identified the +7 ring mail "Piol" {rC+}
  1616 | D:2      | Reached XP level 5. HP: 26/35 MP: 8/8
  1729 | D:2      | Learned a level 3 spell: Summon Guardian Golem
  2109 | D:3      | Noticed a water moccasin
  2115 | D:3      | Slain by a water moccasin

Illustrated notes

Levels and vault maps discovered:
D:1:      scummos_arrival_gate, layout_loops_ring,
          shapermc_ecumenical_altar_starsandcircs
D:2:      layout_basic, serial_shops, shop, minmay_misc_feat_plants
D:3:      layout_loops_ring, jmf_multi_god_temple2, gammafunk_ghost_split,
          minivault_5, chequers_serial_rivers_micro_b, st_stairs_11

Skill      XL: |  1  2  3 |
---------------+----------+-----
Maces & Flails | 4 |  4.2
Fighting       | |  2.8
Dodging        | |  2.4
Shields        | |  0.8
Spellcasting   | |  2.4
Conjurations   | |  3.3
Summonings     | |  0.8

Action                   |  1- 3 |  4- 6 || total
-------------------------+-------+-------++-------
Melee: Mace              |    57 |    62 ||   119
       Tentacles         |     9 |     7 ||    16
       Constrict         |    14 |    14 ||    28
 Cast: Summon Small Mamm |     8 |    20 ||    28
       Kiss of Death     |       |     1 ||     1
 Stab: Sleeping          |     4 |     3 ||     7
Armor: Skin              |     5 |     5 ||    10
Dodge: Dodged            |    35 |    36 ||    71
Block: Buckler           |       |     6 ||     6

Table legend: (Time is in decaauts)
 A = Elapsed time spent in this place.
 B = Non-inter-level travel time spent in this place.
 C = Inter-level travel time spent in this place.
 D = Time resting spent in this place.
 E = Time spent auto-exploring this place.
 F = Levels seen in this place.
 G = Mean time per level.
                   A        B        C        D        E       F      G
               +--------+--------+--------+--------+--------+-----+--------+
         Total |   2142 |   2112 |     30 |      0 |   1096 |   3 |  714.0 |
       Dungeon |   2142 |   2112 |     30 |      0 |   1096 |   3 |  714.0 |
               +--------+--------+--------+--------+--------+-----+--------+

Top non-repeatable levels by time:
     D:2: 983 daAuts
     D:1: 874 daAuts
     D:3: 284 daAuts
